 Seeded DCSS version 0.30-a0-390-g80c34de65d (webtiles) character file.

Game seed: 7238158130119751654 (custom seed)

117327 purpskrrrp the Devastator (level 16, -7/86 HPs)
             Began as a Demonspawn Fire Elementalist on Dec 4, 2022.
             Was the Champion of Hepliaklqana.
             Mangled by a golden dragon simulacrum (10 damage)
             ... summoned by an orange crystal statue
             ... in an ice cave.
             The game lasted 02:03:29 (31243 turns).

purpskrrrp the Devastator (DsFE)                   Turns: 31243, Time: 02:03:29

Health: -7/86      AC: 20    Str: 11      XL:     16   Next: 23%
Magic:  0/32       EV: 12    Int: 21 (23) God:    Hepliaklqana [******]
Gold:   3386       SH:  0    Dex: 13      Spells: 9/40 levels left

rFire   + + .      SeeInvis .    d - staff of fire
rCold   + . .      Faith    .    (no shield)
rNeg    . . .      Spirit   +    I - +2 robe {rF+}
rPois   .          Reflect  +    F - +0 helmet
rElec   .          Harm     .    S - scarf {repulsion}
rCorr   .          Rampage  .    c - +2 pair of gloves
Will    +....                    i - +2 pair of boots {Fly}
Stlth   +.........               A - amulet of reflection
HPRegen 0.34/turn                m - ring of wizardry
MPRegen 0.46/turn                E - ring of wizardry

@: confused, sanguine armoured, flying, slowed, repel missiles, very slow
A: reduced essence, ignite blood 3, magic shield, magic regeneration, magic
link, sanguine armour 2, weakness stinger 1, cold resistance 1
a: Renounce Religion, Recall Ancestor, Ancestor Identity, Transference, Idealise


You were in an ice cave.
You worshipped Hepliaklqana.
Hepliaklqana was exalted by your worship.
You visited 3 branches of the dungeon, and saw 22 of its levels.
You also visited: Ossuary, Bailey and Ice Cave.

You collected 3386 gold pieces.

Inventory:

Hand Weapons
 r - a +6 quarterstaff of chaos
 y - the +7 whip of Compuuq {vorpal, rN++}
   (You took it off an orc wizard on level 7 of the Dungeon)

   It inflicts extra damage upon your enemies.
   rN:        It greatly protects you from negative energy.
 K - the +11 whip of Soarch {flame, rN++ Int+3}
   (You acquired it on level 9 of the Dungeon)

   It burns those it strikes, dealing additional fire damage.
   Int:       It affects your intelligence (+3).
   rN:        It greatly protects you from negative energy.
 T - the +8 trishula "Condemnation" {holy, anguish, *Noise Fly rN+}
   (You found it on level 5 of the Lair of Beasts)

   It has been blessed by the Shining One to cause great damage to the undead
   and demons.
   It inflicts anguish, making its victims' attacks reflect back on them.
   rN:        It protects you from negative energy.
   Fly:       It grants you flight.
   *Noise:    It may make noises in combat.
Missiles
 o - 3 curare-tipped darts
 w - 3 throwing nets
Armour
 c - a +2 pair of gloves (worn)
 i - a +2 pair of boots of flying (worn)
 t - a +2 cloak
 F - a +0 helmet (worn)
 I - a +2 robe of fire resistance (worn)
 S - a scarf of repulsion (worn)
Magical Staves
 d - a staff of fire (weapon)
Jewellery
 m - a ring of wizardry (left hand)
 s - a ring of magical power
 A - an amulet of reflection (around neck)
 E - a ring of wizardry (right hand)
 L - a ring of willpower
 N - a +4 ring of evasion
 V - a ring of fire
 X - the ring of Zennas {+Blink rPois rF+ rCorr SInv}
   (You found it on level 5 of the Lair of Beasts)

   [ring of see invisible]

   rF:        It protects you from fire.
   rPois:     It protects you from poison.
   SInv:      It lets you see invisible.
   +Blink:    It lets you blink.
   rCorr:     It protects you from acid and corrosion.
 Y - a ring of resist corrosion
Wands
 q - a wand of digging (4)
 C - a wand of flame (48)
 G - a wand of polymorph (6)
 J - a wand of roots (13)
 P - a wand of quicksilver (4)
 U - a wand of paralysis (8)
Scrolls
 h - 2 scrolls of brand weapon
 l - 17 scrolls of identify
 z - 2 scrolls of amnesia
 O - a scroll of silence
 Q - 5 scrolls of teleportation
Potions
 b - 5 potions of flight
 j - 9 potions of curing
 k - 2 potions of resistance
 n - 4 potions of haste
 p - a potion of might
 v - 13 potions of ambrosia
 H - 3 potions of brilliance
 M - a potion of berserk rage
 W - a potion of invisibility


   Skills:
 - Level 2.0 Dodging
 - Level 2.1 Stealth
 + Level 12.9 Spellcasting
 * Level 17.0 Conjurations
 + Level 13.0 Fire Magic
 - Level 13.0 Evocations


You had 9 spell levels left.
You knew the following spells:

 Your Spells              Type           Power      Damage    Failure   Level
a - Foxfire               Conj/Fire      100%       2x1d9     0%          1
b - Scorch                Fire           100%       2d10      1%          2
c - Flame Wave            Conj/Fire      86%        2d18      1%          4
d - Call Canine Familiar  Summ           13%        N/A       4%          3
e - Fire Storm            Conj/Fire      43%        8d11      91%         9
f - Blink                 Tloc           26%        N/A       2%          2
g - Fireball              Conj/Fire      43%        3d17      1%          5
h - Iskenderun's Battles  Conj           71%        2d12      1%          5

Your spell library contained the following spells:

 Spells                   Type           Power      Damage    Failure   Level
 Magic Dart               Conj           100%       1d8       0%          1
 Searing Ray              Conj           100%       2d8       0%          2
 Apportation              Tloc           26%        N/A       1%          1
 Necrotise                Necr           52%        1d6       1%          1
 Shock                    Conj/Air       100%       1d9       1%          1
 Sting                    Tmut/Pois      52%        1d5       1%          1
 Summon Small Mammal      Summ           52%        N/A       1%          1
 Inner Flame              Hex/Fire       57%        N/A       1%          3
 Kindle Blastsparks       Fire/Tloc/Air  94%        2d17      1%          3
 Fulminant Prism          Conj/Hex       24%        3d12      1%          4
 Iskenderun's Mystic Bla  Conj/Tloc      49%        2d11      1%          4
 Irradiate                Conj/Tmut      24%        3d19      1%          5
 Orb of Destruction       Conj           35%        9d10      1%          7
 Poisonous Vapours        Pois/Air       26%        N/A       2%          2
 Sublimation of Blood     Necr           13%        N/A       2%          2
 Summon Guardian Golem    Hex/Summ       13%        N/A       4%          3
 Swiftness                Air            13%        N/A       4%          3
 Vampiric Draining        Necr           13%        2d6       4%          3
 Conjure Ball Lightning   Conj/Air       24%        3x3d7     6%          6
 Airstrike                Air            6%         2d(1-17)  13%         4
 Manifold Assault         Tloc           13%        N/A       13%         4
 Olgreb's Toxic Radiance  Pois           13%        N/A       13%         4
 Petrify                  Tmut/Erth      13%        N/A       13%         4
 Agony                    Necr           13%        N/A       32%         5
 Alistair's Intoxication  Tmut/Pois      8%         N/A       32%         5
 Lee's Rapid Deconstruct  Erth           6%         3d6*      32%         5
 Yara's Violent Unravell  Hex/Tmut       6%         3d5       32%         5
 Dispersal                Tloc           6%         N/A       85%         6
 Summon Cactus Giant      Summ           6%         N/A       85%         6
 Enfeeble                 Hex            6%         N/A       100%        7
 Storm Form               Tmut/Air       6%         N/A       100%        7
 Disjunction              Tloc           6%         N/A       100%        8
 Chain Lightning          Conj/Air       24%        3d32      100%        9
 Shatter                  Erth           6%         3d9*      100%        9


Dungeon Overview and Level Annotations

Branches:
Dungeon (15/15)            Temple (0/1) D:5            Lair (5/5) D:9
 Shoals (0/4) Lair:2       Spider (0/4) Lair:3        Slime (0/5) Lair:4
    Orc (2/2) D:10            Elf (0/3) Orc:2        Vaults (0/5) D:13
Ossuary (visited)          Bailey (visited)           IceCv (1/1)
 Depths: D:15

Altars:
Dithmenos
Fedhas
Gozag
Hepliaklqana
Makhleb
Nemelex Xobeh
Okawaru
Jiyva

Shops:
D:1 ?   D:3 (   D:4 (   Orc:1 (   Orc:2 *([[

Annotations:
Lair:3 2 transporters, Bediveer's ghost, journeyman DsAr IceCv exclusion: 2 orange crystal statues


Innate Abilities, Weirdness & Mutations

Your life essence is reduced to manifest your ancestor. (-10% HP)
Your demonic aura causes all spilled blood to erupt in flames.
When hurt, damage is shared between your health and your magic reserves.
You regenerate magic rapidly.
When low on magic, you restore magic in place of health.
When seriously injured, your blood forms thick armour. (AC +9)
You have a small tail.
Your flesh is cold resistant. (rC+)


Message History

The freezing wraith hits you but does no damage.
The freezing wraith hits you. The freezing wraith drains your vigour!
You feel yourself slow down.
The freezing wraith attacks as you move away!
The freezing wraith barely misses you.
The freezing wraith hits you but does no damage.
Cyneburga closely misses the freezing wraith.
The orange crystal statue fixes its piercing gaze on you.
You feel your power leaking away.
The freezing wraith hits you but does no damage. x2
The golden dragon simulacrum closely misses you.
The golden dragon simulacrum barely misses you.
The golden dragon simulacrum misses you.
The orange crystal statue glitters.
You are more confused.
Cyneburga appears confused.
The freezing wraith hits you but does no damage. x2
The orange crystal statue glitters.
You are more confused.
Cyneburga resists with some effort.
You hit the golden dragon simulacrum but do no damage.
You burn the golden dragon simulacrum!
The golden dragon simulacrum is severely damaged.
The orange crystal statue fixes its piercing gaze on you.
You feel your power leaking away.
The orange crystal statue glitters topaz in the dim dungeon light.
The orange crystal statue glitters.
You resist with almost no effort.
Cyneburga appears confused.
The freezing wraith hits you! The freezing wraith freezes you. You resist.
The freezing wraith barely misses you.
Cyneburga hits the orange crystal statue but does no damage.
The golden dragon simulacrum bites you!!
* * * LOW HITPOINT WARNING * * *
The golden dragon simulacrum freezes you!!
You resist.
* * * LOW HITPOINT WARNING * * *
The golden dragon simulacrum claws you but does no damage.
The golden dragon simulacrum tramples you!
You die...

############# #####
##...§§#.....## ##....
##...§@.#......###.....
#.....WZ#.......#......
u8.*................∩..∩
Z#.......#.......#......
##......#......###.....
##8R...#[....## ##....
############# #####


You could see the friendly Cyneburga the knight (confused), a white very ugly
thing, 2 orange crystal statues, a freezing wraith (summoned), a golden dragon
simulacrum (summoned), a caustic shrike simulacrum and a friendly battlesphere.

Vanquished Creatures
  An orc warlord (Orc:1)
  A very ugly thing (IceCv)
  A dire elephant (Lair:3)
  2 caustic shrike simulacra (IceCv)
  A rakshasa (D:9)
  A hydra (D:14)
  A catoblepas (Lair:3)
  3 centaur warriors
  4 two-headed ogres
  5 boulder beetles
  Erica (D:8)
  7 death yaks
  An orc knight (D:15)
  A deep elf pyromancer (D:9)
  6 orc sorcerers
  5 cyclopes
  2 ugly things (D:14)
  3 black mambas
  5 elephants (Lair:3)
  2 rime drakes
  Maggie (D:8)
  9 cane toads
  9 komodo dragons
  2 freezing wraiths (IceCv)
  2 anaconda simulacra (IceCv)
  A queen bee (D:13)
  5 trolls
  2 golden dragon simulacra (IceCv)
  A meliai (D:13)
  7 polar bears
  Grinder (D:6)
  5 blink frogs
  4 slime creatures
  6 hornets
  A dream sheep (Lair:5)
  2 shadows
  4 wraiths
  4 wyverns
  9 spriggans (Lair:5)
  89 yaks
  A dire elephant simulacrum (IceCv)
  5 basilisks
  A redback (Lair:3)
  A steam dragon (D:7)
  11 vampire mosquitoes
  Menkaure (D:6)
  An acid dragon (D:12)
  3 harpy simulacra (IceCv)
  3 hydra simulacra (IceCv)
  3 wargs (Orc:1)
  8 water moccasins
  4 ice beasts
  An alligator simulacrum (IceCv)
  A sky beast (D:7)
  7 black bears
  12 ogres
  27 orc warriors
  5 boggarts (Lair:5)
  22 wolves
  9 centaurs
  A phantom (D:4)
  15 bullfrogs
  6 kobold brigands
  7 gnoll sergeants
  A necrophage (D:4)
  A water moccasin zombie (Ossuary)
  2 scorpions
  21 wights
  20 killer bees
  3 howler monkeys
  5 centaur zombies
  3 bullfrog zombies (Ossuary)
  2 hounds
  2 jellies
  2 gnoll boudas
  17 orc priests
  Crazy Yiuf (D:5)
  11 iguanas
  A scorpion zombie (Ossuary)
  20 orc wizards
  A mummy (Ossuary)
  7 gnolls
  5 adders
  3 white imps
  An ufetubus (D:7)
  5 adder zombies (Ossuary)
  2 worms
  A dart slug (D:3)
  66 orcs
  7 endoplasms
  3 giant cockroaches
  7 goblins
  8 hobgoblins
  2 quokkas
  8 ball pythons
  6 bats
  6 frilled lizards
  3 gnoll zombies (Ossuary)
  5 goblin zombies (Ossuary)
  2 hobgoblin zombies (Ossuary)
  10 kobolds
  5 orc zombies (Ossuary)
647 creatures vanquished.

Vanquished Creatures (collateral kills)
  Josephine (Orc:2)
  A catoblepas (Lair:5)
  A hydra (D:14)
  A centaur warrior (D:14)
  2 two-headed ogres
  A tengu warrior (D:15)
  An orc high priest (Orc:2)
  2 orc sorcerers
  2 ugly things
  A manticore (D:11)
  An elephant (Lair:3)
  3 cane toads
  An unseen horror zombie (D:9)
  A rime drake (Lair:5)
  2 efreet
  An unseen horror (D:12)
  A komodo dragon (Lair:3)
  A tengu conjurer (D:15)
  2 trolls (D:12)
  2 meliai (D:13)
  9 slime creatures
  4 blink frogs
  A spriggan (Lair:5)
  5 wraiths
  17 yaks
  A vampire (D:12)
  2 wyverns (Lair:3)
  A basilisk (Lair:3)
  A steam dragon (D:9)
  4 vampire mosquitoes
  A warg (Orc:1)
  5 orc warriors
  4 black bears
  A sky beast (D:7)
  2 ogres
  5 centaurs
  3 wolves (Lair:3)
  4 bullfrogs
  A gnoll sergeant (D:10)
  2 wights
  10 killer bees (D:13)
  A howler monkey (D:4)
  4 orc priests
  An iguana (D:7)
  10 orc wizards
  2 gnolls (D:7)
  20 orcs
  An endoplasm (D:4)
  A goblin (D:7)
  A quokka (D:4)
  3 kobolds (D:6)
  76 foxfires
231 creatures vanquished.

Vanquished Creatures (others)
  11 knights
  7 ancestors
  A bush (Lair:2)
  2289 foxfires
  51 fungi
  53 plants
  9 toadstools (Lair:3)
2421 creatures vanquished.

Grand Total: 3299 creatures vanquished

Notes
Turn   | Place    | Note
-------+----------+-------------------------------------------
     0 | D:1      | purpskrrrp the Demonspawn Fire Elementalist began the quest
                  | for the Orb.
     0 | D:1      | Reached XP level 1. HP: 13/13 MP: 3/3
   298 | D:1      | Gained mutation: Your demonic aura sometimes causes spilled
                  | blood to erupt in flames. [demonic ancestry]
   298 | D:1      | Reached XP level 2. HP: 18/19 MP: 0/5
  1119 | D:1      | Found Ezanau's Magic Scroll Emporium.
  1432 | D:1      | Learned a level 2 spell: Scorch
  1475 | D:2      | Reached XP level 3. HP: 24/24 MP: 0/6
  1896 | D:2      | Reached skill level 1 in Evocations
  2532 | D:3      | Found an iron altar of Okawaru.
  2734 | D:3      | Found a hazy altar of Hepliaklqana.
  2761 | D:3      | Became a worshipper of Hepliaklqana the Forgotten
  2894 | D:3      | Found an opulent altar of Gozag.
  2914 | D:3      | Gained mutation: Your demonic aura often causes spilled
                  | blood to erupt in flames. [demonic ancestry]
  2914 | D:3      | Reached XP level 4. HP: 30/30 MP: 4/7
  3142 | D:3      | Reached skill level 2 in Conjurations
  3501 | D:3      | Found Kaushremo's Weapon Shop.
  3795 | D:4      | Found Zyitour's Antique Weapon Shoppe.
  3798 | D:4      | Noticed a necrophage
  3805 | D:4      | Killed a necrophage
  3806 | D:4      | Reached XP level 5. HP: 35/35 MP: 1/9
  4428 | D:4      | Reached * piety under Hepliaklqana
  4656 | D:4      | Noticed an ice beast
  4769 | D:4      | Gained mutation: Your demonic aura causes all spilled blood
                  | to erupt in flames. [demonic ancestry]
  4769 | D:4      | Reached XP level 6. HP: 36/36 MP: 7/10
  4946 | D:4      | Reached skill level 3 in Conjurations
  4949 | D:4      | Reached XP level 7. HP: 34/41 MP: 1/12
  5577 | D:4      | Learned a level 4 spell: Flame Wave
  5629 | D:4      | Identified a scroll of acquirement
  5629 | D:4      | Acquired 957 gold pieces
  5741 | D:5      | Entered Level 5 of the Dungeon
  5938 | D:5      | Found a staircase to the Ecumenical Temple.
  6172 | D:5      | Reached skill level 5 in Evocations
  6231 | D:5      | Found a burning altar of Makhleb.
  6470 | D:5      | Found a runed translucent door.
  6471 | D:5      | Noticed Crazy Yiuf
  6479 | D:5      | Killed Crazy Yiuf
  6480 | D:5      | Reached skill level 4 in Conjurations
  6558 | D:6      | Reached XP level 8. HP: 46/46 MP: 14/14
  6737 | D:6      | Found a sparkling altar of Nemelex Xobeh.
  6742 | D:6      | Found a shadowy altar of Dithmenos.
  6778 | D:6      | Found a blossoming altar of Fedhas.
  6809 | D:6      | Noticed Menkaure
  6814 | D:6      | Killed Menkaure
  6997 | D:6      | Reached skill level 5 in Fire Magic
  7417 | D:6      | Reached skill level 5 in Conjurations
  7732 | D:6      | Noticed Grinder
  7739 | D:6      | Killed Grinder
  7740 | D:6      | Reached skill level 5 in Spellcasting
  7814 | D:6      | Gained mutation: Your mind is acute. (Int +4, Str/Dex -1)
                  | [potion of mutation]
  7814 | D:6      | Lost mutation: Your mind is acute. (Int +4, Str/Dex -1)
                  | [potion of mutation]
  7815 | D:6      | Gained mutation: You have sharp toenails. [potion of
                  | mutation]
  7815 | D:6      | Gained mutation: You have hidden genetic potential. [potion
                  | of mutation]
  7927 | D:7      | Reached ** piety under Hepliaklqana
  8147 | D:6      | Reached XP level 9. HP: 48/51 MP: 16/16
  8376 | D:7      | Found a flagged portal.
  8391 | Bailey   | Entered a bailey
  8752 | D:7      | Gained mutation: Your system is resistant to poisons.
                  | (rPois) [hidden potential]
  8816 | D:7      | Reached skill level 6 in Conjurations
  9297 | D:7      | Reached XP level 10. HP: 55/56 MP: 5/19
  9612 | D:7      | Noticed a cyclops
  9628 | D:7      | Remembered your ancestor Cyneburga as a knight
  9629 | D:7      | Killed a cyclops
  9742 | D:7      | Identified the +7 whip of Compuuq {vorpal, rN++}
  9982 | D:7      | Noticed a boulder beetle
  9989 | D:7      | Killed a boulder beetle
  9989 | D:7      | Noticed a boulder beetle
 10005 | D:7      | Gained mutation: Your movements are slightly less
                  | encumbered by armour. (ER -2) [hidden potential]
 10005 | D:7      | Lost mutation: You have hidden genetic potential. [hidden
                  | potential expressed]
 10008 | D:7      | Killed a boulder beetle
 10009 | D:7      | Reached skill level 7 in Conjurations
 10009 | D:7      | Reached skill level 10 in Evocations
 10560 | D:8      | Found a sand-covered staircase.
 10564 | Ossuary  | Entered an ossuary
 10969 | Ossuary  | Acquired a +2 pair of boots of flying
 10990 | D:8      | Noticed Erica
 10995 | D:8      | Killed Erica
 11284 | D:8      | Gained mutation: You have a small tail. [demonic ancestry]
 11284 | D:8      | Reached XP level 11. HP: 61/61 MP: 9/21
 12180 | D:8      | You are sucked into a shaft and drop 3 floors!
 12187 | D:10     | Entered Level 10 of the Dungeon
 12326 | D:10     | Noticed a two-headed ogre
 12360 | D:10     | Killed a two-headed ogre
 12361 | D:10     | Reached skill level 8 in Conjurations
 12459 | D:10     | Found a staircase to the Orcish Mines.
 12691 | D:10     | Reached *** piety under Hepliaklqana
 13116 | D:10     | Noticed a two-headed ogre
 13122 | D:10     | Killed a two-headed ogre
 13492 | D:10     | Lost mutation: You have sharp toenails. [potion of
                  | mutation]
 13492 | D:10     | Lost mutation: Your movements are slightly less encumbered
                  | by armour. (ER -2) [potion of mutation]
 13492 | D:10     | Lost mutation: Your system is resistant to poisons. (rPois)
                  | [potion of mutation]
 13492 | D:10     | Gained mutation: You are frail. (-10% HP) [potion of
                  | mutation]
 13492 | D:10     | Lost mutation: You are frail. (-10% HP) [potion of
                  | mutation]
 13492 | D:10     | Gained mutation: You are clumsy. (Dex -2) [potion of
                  | mutation]
 13493 | D:10     | Lost mutation: You are clumsy. (Dex -2) [potion of
                  | mutation]
 13493 | D:10     | Gained mutation: You sometimes lose your temper in combat.
                  | [potion of mutation]
 13493 | D:10     | Gained mutation: Your magical capacity is low. (-10% MP)
                  | [potion of mutation]
 13494 | D:10     | Lost mutation: Your magical capacity is low. (-10% MP)
                  | [potion of mutation]
 13494 | D:10     | Lost mutation: You sometimes lose your temper in combat.
                  | [potion of mutation]
 13494 | D:10     | Gained mutation: Your flesh is cold resistant. (rC+)
                  | [potion of mutation]
 14073 | D:11     | Learned a level 3 spell: Call Canine Familiar
 14454 | D:11     | Found an iron altar of Okawaru.
 14853 | D:8      | Noticed Maggie
 14863 | D:8      | Killed Maggie
 14867 | D:8      | Gained mutation: When seriously injured, your blood forms
                  | armour. (AC +9) [demonic ancestry]
 14867 | D:8      | Reached XP level 12. HP: 40/66 MP: 14/24
 14968 | D:8      | Learned a level 9 spell: Fire Storm
 15152 | D:9      | Noticed a two-headed ogre
 15158 | D:9      | Noticed a rakshasa
 15372 | D:8      | Reached skill level 9 in Conjurations
 15376 | D:8      | Killed a two-headed ogre
 15523 | D:9      | Learned a level 2 spell: Blink
 15700 | D:9      | Killed a rakshasa
 15888 | D:9      | Reached **** piety under Hepliaklqana
 16401 | D:9      | Acquired the +11 whip of Soarch {flame, rN++ Int+3}
 16776 | D:9      | Found a staircase to the Lair.
 16930 | D:12     | Noticed a boulder beetle
 17021 | Lair:1   | Entered Level 1 of the Lair of Beasts
 17600 | Lair:1   | Reached skill level 10 in Conjurations
 17688 | Lair:1   | Reached ***** piety under Hepliaklqana
 17980 | Lair:1   | You are sucked into a shaft and drop 1 floor!
 18947 | Lair:2   | Noticed a death yak
 18948 | Lair:2   | Noticed a death yak
 19265 | Lair:2   | Noticed a death yak
 19266 | Lair:2   | Noticed a death yak
 19277 | Lair:2   | Killed a death yak
 19278 | Lair:2   | Reached skill level 11 in Conjurations
 19286 | Lair:2   | Killed a death yak
 19287 | Lair:2   | Gained mutation: You regenerate magic rapidly. [demonic
                  | ancestry]
 19287 | Lair:2   | Reached XP level 13. HP: 48/71 MP: 10/26
 19492 | Lair:2   | Reached skill level 10 in Fire Magic
 19614 | Lair:2   | Identified the +0 chain mail of Repulsion {MP+9}
 19968 | Lair:2   | Found a staircase to the Shoals.
 20327 | Lair:3   | Reached skill level 10 in Spellcasting
 20508 | Lair:3   | Found a hole to the Spider Nest.
 20609 | Lair:3   | Reached skill level 12 in Conjurations
 20852 | Lair:3   | Noticed Bediveer's ghost (journeyman DsAr)
 20922 | Lair:3   | Found a transporter.
 20926 | Lair:3   | Found a transporter.
 20928 | Lair:3   | Found the +10 Black Knight's barding {ponderous, rPois rN+}
 21038 | Lair:3   | Found a runed translucent door.
 21062 | Lair:3   | Noticed a dire elephant
 21373 | Lair:3   | Killed a dire elephant
 21524 | Lair:3   | Learned a level 5 spell: Fireball
 21530 | Lair:3   | Learned a level 5 spell: Iskenderun's Battlesphere
 21622 | Lair:3   | Reached skill level 13 in Conjurations
 21622 | Lair:3   | Gained mutation: When seriously injured, your blood forms
                  | thick armour. (AC +9) [demonic ancestry]
 21622 | Lair:3   | Reached XP level 14. HP: 76/76 MP: 28/28
 22175 | Lair:4   | Found a staircase to the Slime Pits.
 22176 | Lair:4   | Found a viscous altar of Jiyva.
 22834 | Lair:5   | Entered Level 5 of the Lair of Beasts
 23035 | Lair:5   | Found the +8 trishula "Condemnation" {holy, anguish, *Noise
                  | Fly rN+}
 23096 | Lair:5   | Reached skill level 14 in Conjurations
 23248 | Lair:5   | Gained mutation: When hurt, damage is shared between your
                  | health and your magic reserves. [demonic ancestry]
 23248 | Lair:5   | Reached XP level 15. HP: 76/81 MP: 25/30
 23770 | Lair:5   | Reached ****** piety under Hepliaklqana
 23992 | Lair:5   | Reached skill level 15 in Conjurations
 24109 | Lair:5   | Identified the ring of Zennas {+Blink rPois rF+ rCorr SInv}
 25245 | Orc:1    | Entered Level 1 of the Orcish Mines
 25322 | Orc:1    | Found Jore's Weapon Shoppe.
 26274 | Orc:2    | Entered Level 2 of the Orcish Mines
 26538 | Orc:2    | Noticed Josephine
 26546 | Orc:2    | Killed Josephine
 26608 | Orc:2    | Found a staircase to the Elven Halls.
 27224 | Orc:2    | Found Haqauwin's Armour Emporium.
 27224 | Orc:2    | Found Nugah's Armour Emporium.
 27225 | Orc:2    | Found Wues's Assorted Antiques.
 27229 | Orc:2    | Found Nuunku's Weapon Shoppe.
 28512 | D:13     | Found a gate to the Vaults.
 28518 | D:13     | Reached skill level 16 in Conjurations
 29780 | D:14     | Gained mutation: When low on magic, you restore magic in
                  | place of health. [demonic ancestry]
 29780 | D:14     | Reached XP level 16. HP: 86/86 MP: 21/32
 30250 | D:15     | Entered Level 15 of the Dungeon
 30641 | D:15     | Found a frozen archway.
 30650 | IceCv    | Entered an ice cave
 30673 | IceCv    | Reached skill level 17 in Conjurations
 30687 | IceCv    | HP: 3/86 [alligator simulacrum (9)]
 31243 | IceCv    | HP: 3/86 [golden dragon simulacrum[an orange crystal
                  | statue] (19)]
 31243 | IceCv    | Mangled by a golden dragon simulacrum

Illustrated notes

Levels and vault maps discovered:
D:1:      minmay_arrival_open_corners, layout_basic, serial_shops, shop
D:2:      layout_rooms, serial_corexii_hall, corexii_hall_statues_u,
          corexii_hall_statues_l, corexii_hall_statues_l,
          corexii_hall_statues_i, corexii_hall_statues_i,
          chequers_hall_statues_corner_a
D:3:      layout_basic, lemuel_tele_altar, mainiacjoe_overflow_catch_the_wave,
          serial_shops, nicolae_shop_bloodbath_and_beyond,
          minmay_misc_feat_diagonals
D:4:      minmay_clustersquares, layout_loops_ring, serial_shops, shop
D:5:      layout_basic, amcnicky_altar_gilded, minmay_temple_entry_offerings,
          uniq_crazy_yiuf_cottage
D:6:      layout_layer_cave, fedhas_altar_2, grunt_temple_overflow_open,
          uniq_menkaure, uniq_grinder
D:7:      nzn_winding_woodlands_stair_cross
          [nzn_winding_woodlands_5x15_pathside_ponds,
          nzn_winding_woodlands_center_diamonds,
          nzn_winding_woodlands_5x15_jagged, nzn_winding_woodlands_hourglass,
          nzn_winding_woodlands_5x5_closed_star,
          nzn_winding_woodlands_5x15_parted, nzn_winding_woodlands_center_lodge,
          nzn_winding_woodlands_5x15_longhouse], layout_cave_pools,
          enter_bailey_5
D:8:      layout_loops_ring, nicolae_ossuary_entry_ruins, st_stairs_8,
          uniq_erica, uniq_maggie
D:9:      layout_long_grid, grunt_lair_entry_orc_guard_hut, serial_undead,
          serial_undead_b, serial_undead_a, serial_undead_b, serial_undead_e,
          minmay_radiant
D:10:     layout_loops_ring, kennysheep_orc_monster_closet_entryway
D:11:     layout_rooms, kennysheep_okawaru_gauntlet
D:12:     layout_roguey
D:13:     layout_roguey [special_room_bee]
D:14:     layout_big_octagon
D:15:     hangedman_depths_entry_try_elsewhere_first, layout_cave_pods,
          chequers_serial_rivers_room_a, portal_ice_cave_entry_pillars_1,
          lightli_minifort
Lair:1:   layout_roguey
Lair:2:   layout_roguey, elwin_shoals_entry_rooms,
          lightli_volcano_entry_magma_tube, minivault_11
Lair:3:   gammafunk_lair_enchanted_lake, layout_loops_ring, spider_nest_entry_a,
          gammafunk_ghost_hive
Lair:4:   layout_roguey, slime_entry_1, cheibrodos_lair_lostbears
Lair:5:   minmay_lair_end_enchanted_forest, layout_cave_pods, grunt_megastairs_3
Orc:1:    cheibrodos_orc_guarddog, layout_caves, basic_altar, serial_shops, shop
Orc:2:    st_orc_mages, layout_diamond_mine, uniq_josephine
IceCv:    ice_cave_statue_garden_chambered

Skill      XL: |  1  2  3  4  5  6  7  8  9 10 11 12 13 14 15 16 |
---------------+-------------------------------------------------+-----
Stealth        | 2 |  2.1
Dodging        | 2 |  2.0
Fire Magic     | 3 4 5 6 7 8 9 11 12 13 | 13.0
Evocations     | 1 2 3 4 5 7 9 10 12 13 | 13.0
Conjurations   | 2 3 4 5 6 7 8 11 13 14 16 17 | 17.0
Spellcasting   | 3 4 5 6 7 8 9 10 11 12 | 12.9

Action                   |  1- 3 |  4- 6 |  7- 9 | 10-12 | 13-15 | 16-18 || total
-------------------------+-------+-------+-------+-------+-------+-------++-------
Melee: Unarmed           |    20 |       |       |       |       |       ||    20
       Punch             |     1 |       |       |       |     1 |       ||     2
       Staff             |     5 |     8 |    23 |    93 |   108 |    23 ||   260
       Kick              |       |       |     3 |    12 |       |       ||    15
       Tailslap          |       |       |       |    11 |    15 |     7 ||    33
 Cast: Foxfire           |   104 |    78 |   182 |   477 |   605 |    59 ||  1505
       Scorch            |       |    20 |    70 |   186 |   112 |     7 ||   395
       Flame Wave        |       |       |       |     1 |    22 |     5 ||    28
       Call Canine Famil |       |       |       |     1 |       |       ||     1
       Iskenderun's Batt |       |       |       |       |    42 |     7 ||    49
       Fireball          |       |       |       |       |    21 |    15 ||    36
Invok: Recall Ancestor   |       |       |       |     4 |     1 |       ||     5
       Ancestor Life: Kn |       |       |       |     1 |       |       ||     1
       Ancestor Identity |       |       |       |     1 |       |       ||     1
Evoke: Wand              |       |       |       |       |     1 |       ||     1
  Use: Potion            |     2 |       |     4 |    10 |     2 |     4 ||    22
       Scroll            |     9 |     1 |    16 |    17 |     6 |       ||    49
 Stab: Distracted        |       |       |       |       |     1 |       ||     1
Armor: Robe              |     9 |     3 |     2 |    17 |    71 |    55 ||   157
       Leather armour    |       |       |    11 |    44 |       |       ||    55
Dodge: Dodged            |    31 |     6 |    30 |    78 |   103 |    41 ||   289
       Repelled          |       |       |       |       |     2 |       ||     2
Block: Other             |       |       |       |    22 |    46 |    19 ||    87
       Reflection        |       |       |       |       |     5 |     1 ||     6

Table legend: (Time is in decaauts)
 A = Elapsed time spent in this place.
 B = Non-inter-level travel time spent in this place.
 C = Inter-level travel time spent in this place.
 D = Time resting spent in this place.
 E = Time spent auto-exploring this place.
 F = Levels seen in this place.
 G = Mean time per level.
                   A        B        C        D        E       F      G
               +--------+--------+--------+--------+--------+-----+--------+
         Total |  31269 |  29026 |   2243 |   6369 |  17375 |  25 | 1250.8 |
       Dungeon |  19983 |  18334 |   1649 |   3947 |  11278 |  15 | 1332.2 |
          Lair |   8137 |   7622 |    515 |   1248 |   5091 |   5 | 1627.4 |
  Orcish Mines |   1977 |   1898 |     79 |    463 |   1002 |   2 |  988.5 |
       Ossuary |    426 |    426 |      0 |    160 |      0 |   1 |  426.0 |
        Bailey |    138 |    138 |      0 |    111 |      4 |   1 |  138.0 |
      Ice Cave |    605 |    605 |      0 |    439 |      0 |   1 |  605.0 |
               +--------+--------+--------+--------+--------+-----+--------+

Top non-repeatable levels by time:
     D:7: 2176 daAuts
  Lair:5: 2084 daAuts
     D:4: 2048 daAuts
     D:8: 1918 daAuts
    D:10: 1721 daAuts
     D:9: 1659 daAuts
     D:6: 1600 daAuts
  Lair:1: 1596 daAuts
  Lair:2: 1556 daAuts
  Lair:3: 1481 daAuts
     D:1: 1459 daAuts
  Lair:4: 1418 daAuts
     D:2: 1212 daAuts
     D:3: 1195 daAuts
    D:11: 1164 daAuts
